 Dungeon Crawl Stone Soup version 0.31-a0-596-g831eee08f1 (webtiles) character file.

Game seed: 7849258410886661681

526 Adrian566 the Ruffian (level 7, -1/63 HPs)
             Began as a Troll Shapeshifter on Aug 20, 2023.
             Slain by an ogre
             ... wielding a +0 giant spiked club
              (10 damage)
             ... on level 3 of the Dungeon.
             The game lasted 00:04:22 (3181 turns).

Adrian566 the Ruffian (Troll Shapeshifter)          Turns: 3181, Time: 00:04:23

Health: -1/63      AC:  4    Str: 26    XL:     7   Next: 2%
Magic:  6/6        EV: 10    Int:  4    God:
Gold:   163        SH:  0    Dex: 10    Spells: 6/6 levels left

rFire   . .          .
                       - Unarmed
rCold   . . .        (no shield)
rNeg    . . .        a - +0 animal skin
rPois   .            (helmet currently unavailable)
rElec   .            (cloak currently unavailable)
rCorr   .            (gloves unavailable)
SInv    .            (boots unavailable)
Will    .....        j - amulet of regeneration
Stlth   +            (no ring)
HPRegen 1.90/turn    (no ring)
MPRegen 0.10/turn

%: no passive effects
@: beast-form
A: beast (slay +2), large, unfitting armour, claws 3, regeneration 1, shaggy fur
1, tough skin 1
a: Begin Untransformation


You were on level 3 of the Dungeon.
You were a hulking beast.
You visited 1 branch of the dungeon, and saw 4 of its levels.
You also visited: Sewer.

You collected 163 gold pieces.

Inventory:

Armour
 a - a +0 animal skin (worn)
Jewellery
 i - an amulet of faith
 j - an amulet of regeneration (around neck)
 o - a ring of ice
 q - a ring of magical power
Talismans
 c - a beast talisman (active)
 d - a flux talisman
Wands
 f - a wand of flame (6)
 g - a wand of quicksilver (5)
Scrolls
 e - a scroll of blinking
 h - a scroll of fear {unknown}
 k - a scroll of summoning {unknown}
 l - 2 scrolls of identify
 n - a scroll of brand weapon {unknown}
 r - a scroll of teleportation {unknown}
Potions
 b - a potion of lignification
 m - a potion of enlightenment
 p - a potion of might {unknown}
 s - a potion of invisibility


   Skills:
 + Level 1.8 Fighting
 + Level 3.1 Dodging
 + Level 1.1 Stealth
 + Level 5.7 Unarmed Combat
 + Level 3.9 Shapeshifting


You had 6 spell levels left.
You didn't know any spells.
Your spell library contained the following spells:

 Spells                   Type           Power      Damage    Failure   Level
 Gell's Gravitas          Tloc           0%         N/A       86%         3
 Teleport Other           Tloc           0%         N/A       86%         3
 Dispersal                Tloc           0%         N/A       100%        6


Dungeon Overview and Level Annotations

Branches:
Dungeon (4/15)              Sewer (visited)
 Temple: D:4-7

Altars:
Ashenzari
Fedhas
Trog
Wu Jian

Shops:
D:3 [

Annotations:
D:4 Dowan, Duvessa


Innate Abilities, Weirdness & Mutations

You are a hulking beast.
Your limbs bulge with bestial killing power. (Slay +2)
You are too large for most types of armour.
You have claws for hands.
Your natural rate of healing is unusually fast.
You are covered in fur. (AC +1)
You have tough skin. (AC +1)


Message History

Your Stealth skill increases to level 1!
You barely miss the black bear. The black bear bites you.
The black bear claws you. x2
You mangle the black bear!!
The black bear is severely wounded.
The black bear bites you but does no damage.
The black bear claws you. The black bear completely misses you.
You claw the black bear!
You kill the black bear!
You have reached level 7!
HP restored.
Done exploring.
Done exploring.
You climb downwards.
Level annotation: Dowan, Duvessa Duvessa hits you with a +0 short sword!
The orc closely misses you. Duvessa barely misses you.
There is a stone staircase leading up, spattered with blood here.
The orc hits you but does no damage.
The ogre hits you with a +0 giant spiked club!!
Duvessa hits you with a +0 short sword.
You climb upwards.
There is a stone staircase leading down, spattered with blood here.
You see here a black bear corpse.
Okay, then.
You scratch the orc.
The orc is moderately wounded.
The orc hits you with a +0 mace!
You barely miss the orc.
The orc is moderately wounded.
You claw the ogre!
The ogre is moderately wounded.
You claw the ogre!
The ogre is heavily wounded.
The ogre hits you with a +0 giant spiked club!!
* * * LOW HITPOINT WARNING * * *
You claw the ogre!
The ogre is almost dead.
The ogre hits you with a +0 giant spiked club!
You die...

#.# ######.##.#..####.#####.#
#†# #.##.#..####(....... #.#
#.#....)##########.#
#.########.#.#............#.#
#..........#.#..#####.###.#.#
############.#(.........#<#.#
#..†o).######.#.#.#.#
#.##O#........#.#.#.#
#.##h#.######.#.#.#.#
#....#.#......#.#.#.#
######........#.#.#.#
###.###......#.#
#.###.##.###.# #......#.....#
#.##########.# ### ###


You could see an ogre and an orc.

Vanquished Creatures
  2 black bears (D:3)
  2 bullfrogs (Sewer)
  Natasha (thrice) (D:3)
  6 adders
  A worm (D:3)
  5 orcs (D:3)
  11 ball pythons
  4 endoplasms
  7 giant cockroaches
  2 goblins
  2 hobgoblins
  7 jackals (D:1)
  3 kobolds
  5 quokkas
  5 bats
  16 frilled lizards
  7 rats
88 creatures vanquished.

Notes
Turn   | Place    | Note
-------+----------+-------------------------------------------
     0 | D:1      | Adrian566 the Troll Shapeshifter began the quest for the
                  | Orb.
     0 | D:1      | Reached XP level 1. HP: 18/18 MP: 0/0
   171 | D:1      | You fall into a shaft and drop 1 floor!
   198 | D:2      | Reached XP level 2. HP: 26/26 MP: 1/1
   244 | D:2      | Noticed a floating eye
   248 | D:2      | Found a faded altar of an unknown god.
   252 | D:2      | Noticed a great orb of eyes
   257 | D:2      | Noticed a floating eye
   257 | D:2      | Noticed a great orb of eyes
   288 | D:2      | Found a broken altar of Ashenzari.
  1053 | D:1      | Reached XP level 3. HP: 32/32 MP: 2/2
  1818 | D:3      | Reached skill level 1 in Fighting
  1923 | D:3      | Found a glowing drain.
  1928 | D:3      | Reached XP level 4. HP: 41/41 MP: 3/3
  1934 | Sewer    | Entered a sewer
  1979 | Sewer    | Reached skill level 4 in Unarmed Combat
  2175 | Sewer    | Noticed a bullfrog
  2176 | Sewer    | Noticed a bullfrog
  2189 | Sewer    | Killed a bullfrog
  2190 | Sewer    | Reached XP level 5. HP: 17/48 MP: 4/4
  2494 | D:3      | Found Tekont's Antique Armour Shop.
  2683 | D:3      | Noticed Natasha
  2686 | D:3      | Killed Natasha
  2687 | D:3      | Reached XP level 6. HP: 55/55 MP: 5/5
  2689 | D:3      | Found an ornate altar of the Wu Jian Council.
  2861 | D:3      | Noticed Natasha
  2871 | D:3      | Killed Natasha
  2872 | D:3      | Reached skill level 5 in Unarmed Combat
  2887 | D:3      | Noticed Natasha
  2891 | D:3      | Killed Natasha
  2952 | D:3      | Found a blossoming altar of Fedhas.
  3149 | D:4      | Noticed Duvessa
  3149 | D:4      | Found a bloodstained altar of Trog.
  3152 | D:4      | Noticed Dowan
  3162 | D:3      | Reached skill level 1 in Stealth
  3165 | D:3      | Reached XP level 7. HP: 50/63 MP: 6/6
  3181 | D:3      | Slain by an ogre

Illustrated notes

Levels and vault maps discovered:
D:1:      matt_arrival_los_fun, layout_basic
D:2:      layout_loops_ring, hellmonk_ecumenical_altar_watching_god,
          basic_altar, grunt_decor_fettered, minmay_fractal_squares_gapless_5
D:3:      layout_basic, mainiacjoe_overflow_surrounded_room, fedhas_altar_4,
          portal_sewer_entry_d, serial_shops, shop, uniq_natasha
D:4:      layout_cave_pools, trog_ov_bears_minmay,
          nicolae_overflow_crystal_walls, mainiacjoe_overflow_alcove_2,
          minmay_checkerbox, uniq_duvessa, uniq_blork_the_orc, uniq_robin,
          uniq_pikel

Skill      XL: |  1  2  3  4  5  6 |
---------------+-------------------+-----
Dodging        | 2 3 |  3.1
Fighting       | 1 |  1.8
Unarmed Combat | 4 5 |  5.7
Stealth        | 1 |  1.1
Shapeshifting  | |  3.9

Action                     |  1- 3 |  4- 6 |  7- 9 || total
---------------------------+-------+-------+-------++-------
  Melee: Unarmed           |    90 |    98 |     5 ||   193
         Punch             |       |     2 |       ||     2
    Use: Scroll            |     7 |     1 |       ||     8
         Potion            |       |     2 |       ||     2
   Stab: Sleeping          |     4 |     1 |       ||     5
         Invisible         |       |     3 |       ||     3
 Armour: Animal skin       |    37 |    40 |     1 ||    78
  Dodge: Dodged            |    50 |    76 |     2 ||   128

Table legend: (Time is in decaauts)
 A = Elapsed time spent in this place.
 B = Non-inter-level travel time spent in this place.
 C = Inter-level travel time spent in this place.
 D = Time resting spent in this place.
 E = Time spent auto-exploring this place.
 F = Levels seen in this place.
 G = Mean time per level.
                   A        B        C        D        E       F      G
               +--------+--------+--------+--------+--------+-----+--------+
         Total |   3168 |   3030 |    138 |      0 |   2498 |   5 |  633.6 |
       Dungeon |   2626 |   2488 |    138 |      0 |   2134 |   4 |  656.5 |
         Sewer |    541 |    541 |      0 |      0 |    364 |   1 |  541.0 |
               +--------+--------+--------+--------+--------+-----+--------+

Top non-repeatable levels by time:
     D:1: 1071 daAuts
     D:3: 832 daAuts
     D:2: 713 daAuts
   Sewer: 541 daAuts
     D:4: 10 daAuts
